 Dungeon Crawl Stone Soup version 0.18-a0-1014-g3bbf375 (webtiles) character file.

409 namelastname112 the Sneak (level 6, -4/46 HPs)
             Began as a Draconian Fire Elementalist on Jan 6, 2016.
             Slain by a centaur (9 damage)
             ... on level 5 of the Dungeon.
             The game lasted 00:08:16 (4712 turns).

namelastname112 the Sneak (DrFE)                    Turns: 4712, Time: 00:08:16

Health: -4/46      AC:  6    Str: 10    XL:     6   Next: 58%
Magic:  0/9        EV: 13    Int: 16    God:
Gold:   168        SH:  0    Dex: 13    Spells: 1 memorised, 8 levels left

rFire  . . .     SeeInvis .     h - +0 dagger
rCold  . . .     Gourm    .     (armour unavailable)
rNeg   . . .     Faith    .     (no shield)
rPois  .         Spirit   +     (helmet restricted)
rElec  .         Dismiss  .     (no cloak)
rCorr  .         Reflect  .     (no gloves)
SustAt .         Harm     .     (no boots)
MR     .....                    k - amulet of guardian spirit
Stlth  ++........               (no ring)
                                (no ring)

@: not resistant to hostile enchantments, unstealthy
A: unfitting armour, cold-blooded, AC +6
a: no special abilities


You were on level 5 of the Dungeon.
You were not hungry.

You visited 1 branch of the dungeon, and saw 5 of its levels.

You collected 168 gold pieces.

Inventory:

Hand Weapons
 h - a +0 dagger (weapon)
Jewellery
 k - an amulet of guardian spirit (around neck)
Scrolls
 c - 2 scrolls of identify
 e - a scroll of remove curse
 g - a scroll of blinking {unknown}
 m - 2 scrolls of noise {unknown}
Potions
 f - a potion of invisibility
 i - a potion of cancellation
 j - a potion of cure mutation
 o - 5 potions of curing
 q - a potion of might
Books
 a - a book of Flames

   Spells                             Type                      Level
   a - Flame Tongue                   Conjuration/Fire             1
   b - Throw Flame                    Conjuration/Fire             2
   c - Conjure Flame                  Conjuration/Fire             3
   d - Inner Flame                    Hexes/Fire                   3
   e - Sticky Flame                   Conjuration/Fire             4
   f - Fireball                       Conjuration/Fire             5
Comestibles
 b - 5 bread rations
 d - 3 meat rations
 l - 2 slices of pizza
 p - a beef jerky


   Skills:
 - Level 0.9 Fighting
 * Level 4.1 Short Blades
 + Level 3.3 Dodging
 * Level 4.2 Stealth
 - Level 2.0 Spellcasting
 - Level 1.0 Conjurations
 - Level 3.0 Fire Magic


You had 8 spell levels left.
You knew the following spells:

 Your Spells              Type           Power        Failure   Level  Hunger
z - Flame Tongue          Conj/Fire      #....        10%         1    #......


Dungeon Overview and Level Annotations

Branches:
Dungeon (5/15)
 Temple: D:4-7

Altars:
Nemelex Xobeh

Annotations:
D:3 1 exclusion


Innate Abilities, Weirdness & Mutations

Your plain brown scales are hard (AC +6).
Your body does not fit into most forms of armour.
You are cold-blooded and may be slowed by cold attacks.


Message History

Casting: Flame Tongue
Confirm with . or Enter, or press ? or * to list all spells.
Aiming: Flame Tongue
Press: ? - help, Shift-Dir - straight line, f/p - centaur
Aim: a centaur (severely wounded)
The flame tongue misses the centaur.
The centaur hits you.
* * * LOW HITPOINT WARNING * * *
Casting: Flame Tongue
Confirm with . or Enter, or press ? or * to list all spells.
You don't have enough magic to cast that spell.
Casting: Flame Tongue
Confirm with . or Enter, or press ? or * to list all spells.
You don't have enough magic to cast that spell.
You hit the centaur but do no damage.
The centaur is severely wounded.
The centaur closely misses you. x2
You hit the centaur but do no damage.
The centaur is severely wounded.
The centaur hits you!
You die...

#####.#.#...##..
###............#..
...............#.#
#........#.#.#.#
#..........#.#.#
#........#.#.#.# #
##.#............#
#.###.......#.#....##
#..(@.......#.#......
#####c..#.###.#....##
#.........).......
#.########.######.
#(# #. #.. #.# . #..
#.# #.# #$# #.# c.#
#.#


You could see a centaur.

Vanquished Creatures
  A giant frog (D:4)
  2 hounds
  A giant frog zombie (D:3)
  3 worker ants
  A hound skeleton (D:4)
  Robin (D:3)
  6 adders
  2 oozes (D:2)
  2 worms (D:2)
  7 orcs
  9 giant cockroaches
  18 goblins
  8 hobgoblins
  4 jackals (D:4)
  10 kobolds
  2 quokkas (D:4)
  3 bats
  3 giant newts
  7 rats
90 creatures vanquished.

Notes
Turn   | Place    | Note
--------------------------------------------------------------
     0 | D:1      | namelastname112 the Draconian Fire Elementalist began the quest for the Orb.
     0 | D:1      | Reached XP level 1. HP: 14/14 MP: 3/3
   434 | D:1      | Reached XP level 2. HP: 19/22 MP: 0/5
   747 | D:1      | Reached XP level 3. HP: 22/27 MP: 0/6
   852 | D:2      | Reached skill level 1 in Short Blades
  1244 | D:2      | Reached XP level 4. HP: 32/34 MP: 7/7
  2033 | D:3      | Reached XP level 5. HP: 9/39 MP: 0/8
  2411 | D:3      | Noticed Robin
  2454 | D:3      | Killed Robin
  2862 | D:3      | Found a sparkling altar of Nemelex Xobeh.
  3598 | D:4      | Reached XP level 6. HP: 28/46 MP: 4/9
  3859 | D:4      | Reached skill level 4 in Short Blades
  4645 | D:5      | Entered Level 5 of the Dungeon
  4712 | D:5      | Slain by a centaur

Vault maps used:
D:1:      saegor_arrival_simple_c
D:2:      minmay_misc_feat_rows
D:3:      wad_pebble_path, nemelex_xobeh_ov_fountains_minmay, uniq_robin,
          uniq_crazy_yiuf_cottage
D:4:      first_bread
D:5:      minitemple, portal_sewer_entry_a, saegor_snake_ambush

Action                   |  1- 3 |  4- 6 || total
-------------------------+-------+-------++-------
Melee: Unarmed           |    20 |       ||    20
       Dagger            |    24 |   321 ||   345
 Cast: Flame Tongue      |    33 |    35 ||    68
  Use: Scroll            |       |     8 ||     8
 Stab: Sleeping          |     1 |    10 ||    11
  Eat: Chunk             |     1 |     7 ||     8
       Meat ration       |       |     1 ||     1
       Fruit             |       |     1 ||     1
